 Dungeon Sprint DCSS version 0.30-a0-305-g026cb31310 (webtiles) character file.

Game seed: 17453011252671957424

1507 mhtbhm the Spear-Bearer (level 8, -2/78 HPs)
             Began as a Black Draconian Reaver on Oct 23, 2022.
             Was a High Priest of Vehumet.
             Killed themself with a badly aimed orb of electricity (10 damage)
             ... in the Dungeon (Sprint VII: "The Pits").
             The game lasted 00:05:20 (1469 turns).

mhtbhm the Spear-Bearer (Black Draconian Reaver)    Turns: 1469, Time: 00:05:20

Health: -2/78      AC: 18    Str: 15    XL:     8   Next: 53%
Magic:  14/14      EV: 17    Int: 15    God:    Vehumet [*****.]
Gold:   0          SH:  0    Dex: 10    Spells: 3/15 levels left

rFire   . . .      SeeInvis .    a - +2 halberd (protect)
rCold   . . .      Faith    .    (shield currently unavailable)
rNeg    . . .      Spirit   .    (body armour unavailable)
rPois   .          Reflect  .    (helmet restricted)
rElec   +          Harm     .    (no cloak)
rCorr   .          Rampage  .    p - +0 pair of gloves
Will    .....      NoTele   +    o - +0 pair of boots
Stlth   ++........               (no amulet)
HPRegen 0.33/turn                c - +3 ring of protection
MPRegen 0.14/turn                k - +3 ring of evasion

@: under a protective aura, slowed, very slow
A: breathe lightning, AC +6, unfitting armour, electricity resistance,
cold-blooded
a: Breathe Lightning, Renounce Religion


You were in the Dungeon.
You worshipped Vehumet.
Vehumet was extremely pleased with you.
You visited 1 branch

Inventory:

Hand Weapons
 a - a +2 halberd of protection (weapon)
Armour
 o - a +0 pair of boots (worn)
 p - a +0 pair of gloves (worn)
Jewellery
 c - a +3 ring of protection (left hand)
 k - a +3 ring of evasion (right hand)
Scrolls
 g - a scroll of blinking
 i - 5 scrolls of amnesia
 j - a scroll of summoning
Potions
 b - 4 potions of curing
 d - a potion of haste
 e - 4 potions of magic
 f - 2 potions of berserk rage
 h - a potion of invisibility
 l - 4 potions of heal wounds
 m - a potion of might
 n - a potion of resistance


   Skills:
 + Level 9.2 Fighting
 + Level 12.9 Polearms
 + Level 7.3 Dodging
 + Level 1.4 Stealth
 + Level 4.4 Spellcasting
 + Level 8.3 Conjurations
 + Level 0.1 Necromancy
 - Level 1.0 Translocations


You had 3 spell levels left.
You knew the following spells:

 Your Spells              Type           Power      Damage    Failure   Level
a - Kiss of Death         Conj/Necr      64%        2d10      1%          1
b - Momentum Strike       Conj/Tloc      34%        3d8       1%          2
c - Olgreb's Toxic Radia  Pois           3%         N/A       38%         4
d - Fireball              Conj/Fire      7%         3d5       22%         5

Your spell library contained the following spells:

 Spells                   Type           Power      Damage    Failure   Level
 Airstrike                Air            1%         2d(1-17)  38%         4
 Hailstorm                Conj/Ice       15%        3d5       2%          3


Dungeon Overview and Level Annotations

Branches:
Dungeon (1/1)

Altars:
Ashenzari
Cheibriados
Dithmenos
Elyvilon
Fedhas
Gozag
Hepliaklqana
Kikubaaqudgha
Makhleb
Nemelex Xobeh
Okawaru
Qazlal
Ru
Sif Muna
Trog
Uskayaw
Vehumet
Wu Jian
Xom
Yredelemnul
Zin
The Shining One
Jiyva
Lugonu


Innate Abilities, Weirdness & Mutations

You can breathe wild blasts of lightning.
Your glossy black scales are hard. (AC +6)
You cannot fit into any form of body armour.
You are resistant to electric shocks. (rElec)
You are cold-blooded and may be slowed by cold attacks.


Message History

You struggle to resist.
You closely miss the bog body. You tail-slap the bog body.
The bog body is moderately damaged.
You hit the bog body.
The bog body is heavily damaged.
The bog body gestures at you while chanting.
You struggle to resist.
You hit the bog body.
The bog body is heavily damaged.
The bog body touches you! The bog body freezes you!!
You feel yourself slow down.
* * * LOW HITPOINT WARNING * * *
You are too injured to fight recklessly!
You are too injured to fight recklessly!
You are too injured to fight recklessly!
You are too injured to fight recklessly!
You are too injured to fight recklessly!
You are too injured to fight recklessly!
You are too injured to fight recklessly!
You are too injured to fight recklessly!
You are too injured to fight recklessly!
You are too injured to fight recklessly!
You are too injured to fight recklessly!
You are too injured to fight recklessly!
You are too injured to fight recklessly!
You are too injured to fight recklessly!
You are too injured to fight recklessly!
You are too injured to fight recklessly!
You are too injured to fight recklessly!
You are too injured to fight recklessly!
Activating: Breathe Lightning (4% risk of failure)
Press: ? - help, Dir - look around, f - activate You breathe a wild blast of lightning!
You hear a mighty clap of thunder!
The orb of electricity explodes! x2
The orb of electricity engulfs the bog body!!
You destroy the bog body!
Vehumet accepts your kill. The orb of electricity engulfs you! You resist.
You die...

##########++###### ###
#................# ..#
#......#..#......##..#
#................''..#
'................''..#
#......#..#.....†##...n...
#...............@# .......
####'#####++###### #######
#.......# #.......#
#.......# #...<...#
#.......# #.......#
#.......#


There were no monsters in sight!

Vanquished Creatures
  A bog body (D)
  An elephant (D)
  A red devil (D)
  A fire bat (D)
  A basilisk (D)
  A floating eye (D)
  An orc warrior (D)
  A bullfrog (D)
  A scorpion (D)
  3 wights (D)
  A hound (D)
  A gnoll bouda (D)
  An orc priest (D)
  Crazy Yiuf (D)
  An iron imp (D)
  An orc wizard (D)
  6 gnolls (D)
  2 river rats (D)
  2 orcs (D)
  An endoplasm (D)
  A goblin (D)
  2 frilled lizards (D)
  2 rats (D)
34 creatures vanquished.

Notes
Turn   | Place    | Note
-------+----------+-------------------------------------------
     0 | D        | mhtbhm the Draconian Reaver began the quest for the Orb.
     0 | D        | Reached XP level 1. HP: 17/17 MP: 3/3
    18 | D        | Found a bloodstained altar of Trog.
    18 | D        | Found a shimmering blue altar of Sif Muna.
    18 | D        | Found a viscous altar of Jiyva.
    18 | D        | Found a hazy altar of Hepliaklqana.
    18 | D        | Found an opulent altar of Gozag.
    19 | D        | Found a glowing golden altar of the Shining One.
    19 | D        | Found a glowing silver altar of Zin.
    19 | D        | Found a basalt altar of Yredelemnul.
    19 | D        | Found a shimmering altar of Xom.
    19 | D        | Found an ornate altar of the Wu Jian Council.
    19 | D        | Found a sacrificial altar of Ru.
    19 | D        | Found a stormy altar of Qazlal.
    19 | D        | Found an iron altar of Okawaru.
    19 | D        | Found a sparkling altar of Nemelex Xobeh.
    19 | D        | Found a burning altar of Makhleb.
    19 | D        | Found a blossoming altar of Fedhas.
    19 | D        | Found a white marble altar of Elyvilon.
    19 | D        | Found a shadowy altar of Dithmenos.
    19 | D        | Found a snail-covered altar of Cheibriados.
    21 | D        | Found a radiant altar of Vehumet.
    21 | D        | Found a corrupted altar of Lugonu.
    22 | D        | Found a hide-covered altar of Uskayaw.
    22 | D        | Found an ancient bone altar of Kikubaaqudgha.
    22 | D        | Found a broken altar of Ashenzari.
    31 | D        | Became a worshipper of Vehumet
    84 | D        | Reached XP level 2. HP: 25/25 MP: 5/5
   193 | D        | Learned a level 2 spell: Momentum Strike
   200 | D        | Reached * piety under Vehumet
   200 | D        | Offered knowledge of Foxfire by Vehumet.
   201 | D        | Reached skill level 4 in Polearms
   462 | D        | Noticed a scorpion
   476 | D        | Reached skill level 5 in Polearms
   476 | D        | Reached skill level 5 in Conjurations
   476 | D        | Reached XP level 3. HP: 31/31 MP: 7/7
   476 | D        | Offered knowledge of Shock by Vehumet.
   476 | D        | Reached ** piety under Vehumet
   478 | D        | Killed a scorpion
   479 | D        | Reached skill level 6 in Polearms
   479 | D        | Reached XP level 4. HP: 40/40 MP: 8/8
   541 | D        | Noticed a floating eye
   547 | D        | Paralysed by a floating eye for 3 turns
   555 | D        | Paralysed by a floating eye for 2 turns
   561 | D        | Noticed Crazy Yiuf
   563 | D        | Noticed a fire bat
   564 | D        | Paralysed by a floating eye for 3 turns
   565 | D        | Reached skill level 7 in Polearms
   565 | D        | Reached XP level 5. HP: 20/46 MP: 9/9
   571 | D        | Paralysed by a floating eye for 4 turns
   578 | D        | Paralysed by a floating eye for 4 turns
   587 | D        | Paralysed by a floating eye for 3 turns
   592 | D        | Paralysed by a floating eye for 4 turns
   601 | D        | Paralysed by a floating eye for 4 turns
   607 | D        | Killed a floating eye
   607 | D        | Reached *** piety under Vehumet
   608 | D        | Reached skill level 5 in Fighting
   608 | D        | Reached skill level 8 in Polearms
   615 | D        | Reached XP level 6. HP: 39/56 MP: 11/11
   620 | D        | Reached skill level 9 in Polearms
   620 | D        | Reached **** piety under Vehumet
   622 | D        | Killed Crazy Yiuf
   662 | D        | Noticed an orc warrior
   683 | D        | Killed a fire bat
   683 | D        | Offered knowledge of Inner Flame by Vehumet.
   684 | D        | Reached skill level 10 in Polearms
   684 | D        | Reached skill level 5 in Dodging
   691 | D        | Killed an orc warrior
   692 | D        | Your scales start taking on a glossy black colour.
   692 | D        | Reached XP level 7. HP: 17/64 MP: 11/13
   692 | D        | Gained mutation: You are resistant to electric shocks.
                  | (rElec) [Black Draconian growth]
   866 | D        | Offered knowledge of Olgreb's Toxic Radiance by Vehumet.
   867 | D        | Reached skill level 11 in Polearms
   898 | D        | Learned a level 4 spell: Olgreb's Toxic Radiance
   898 | D        | Noticed an elephant
   913 | D        | HP: 2/56 [elephant (2)]
   915 | D        | Killed an elephant
   915 | D        | Offered knowledge of Arcjolt by Vehumet.
   915 | D        | Reached ***** piety under Vehumet
  1053 | D        | Reached skill level 12 in Polearms
  1067 | D        | Offered knowledge of Fireball by Vehumet.
  1068 | D        | Reached XP level 8. HP: 56/70 MP: 12/14
  1184 | D        | Learned a level 5 spell: Fireball
  1187 | D        | Noticed a red devil
  1244 | D        | Killed a red devil
  1244 | D        | Offered knowledge of Airstrike by Vehumet.
  1245 | D        | Reached skill level 1 in Stealth
  1249 | D        | Reached skill level 1 in Translocations
  1452 | D        | Noticed a bog body
  1469 | D        | Killed a bog body
  1469 | D        | Killed themself with a badly aimed orb of electricity

Illustrated notes

Levels and vault maps discovered:
D:        pitsprint [storerooms_1, entrance_room_1, metal_vault_5, armoury_1,
          mini_pit_1, grid_room_1, main_hall_1, silver_pit, the_coven_1,
          the_vestibule_1, steel_vault_2, golden_pit, hallway_of_sentries,
          crystal_vault_6, iron_vault_1, final_vault]

Skill      XL: |  1  2  3  4  5  6  7  8 |
---------------+-------------------------+-----
Dodging        | 2 3 4 5 6 7 |  7.3
Polearms       | 5 6 7 8 10 12 | 12.9
Conjurations   | 5 6 7 8 |  8.3
Fighting       | 3 4 5 6 8 9 |  9.2
Spellcasting   | 3 4 |  4.4
Stealth        | 1 |  1.4
Translocations | 1 |  1.0
Necromancy     | |  0.1

Action                   |  1- 3 |  4- 6 |  7- 9 || total
-------------------------+-------+-------+-------++-------
Melee: Trident           |    32 |    56 |    78 ||   166
       Spear             |     4 |       |       ||     4
       Tailslap          |     1 |     7 |    10 ||    18
       Punch             |       |     1 |       ||     1
       Halberd           |       |       |     9 ||     9
 Cast: Kiss of Death     |       |     5 |     3 ||     8
       Momentum Strike   |       |       |     2 ||     2
       Fireball          |       |       |     1 ||     1
 Abil: Breathe Lightning |       |       |     3 ||     3
  Use: Potion            |     3 |     3 |     8 ||    14
 Stab: Invisible         |       |       |     3 ||     3
Armor: Skin              |     8 |    13 |    13 ||    34
Dodge: Dodged            |    15 |    21 |    41 ||    77

Table legend: (Time is in decaauts)
 A = Elapsed time spent in this place.
 B = Non-inter-level travel time spent in this place.
 C = Inter-level travel time spent in this place.
 D = Time resting spent in this place.
 E = Time spent auto-exploring this place.
 F = Levels seen in this place.
 G = Mean time per level.
                   A        B        C        D        E       F      G
               +--------+--------+--------+--------+--------+-----+--------+
         Total |   1452 |   1452 |      0 |    867 |      0 |   1 | 1452.0 |
       Dungeon |   1452 |   1452 |      0 |    867 |      0 |   1 | 1452.0 |
               +--------+--------+--------+--------+--------+-----+--------+

Top non-repeatable levels by time:
       D: 1452 daAuts
